 Dungeon Crawl Stone Soup version 0.16.0-17-g811c1d7 (webtiles) character file.

2287 RobertPalmer the Covert (level 9, 0/51 HPs)
             Began as an Octopode Summoner on Mar 20, 2015.
             Was a High Priest of Cheibriados.
             Succumbed to poison (a potion of poison)
             ... on level 6 of the Dungeon on Mar 21, 2015.
             The game lasted 00:19:43 (7813 turns).

RobertPalmer the Covert (Octopode Summoner)         Turns: 7813, Time: 00:19:43

Health: 0/51       AC:  4    Str: 24    XL:     9   Next: 39%
Magic:  8/14       EV: 14    Int: 37    God:    Cheibriados [*****.]
Gold:   362        SH:  0    Dex: 31    Spells: 4 memorised, 2 levels left

rFire  . . .     SeeInvis .     a - +2 whip "Killer Bee's Death" {venom, rC- MR+ Int+7 Dex+4}
rCold  . . .     Clarity  .     (no shield)
rNeg   + . .     SustAb   .     (helmet restricted)
rPois  .         Gourm    .     (no amulet)
rElec  .         Spirit   .     l - +3 ring of protection
rCorr  .         Warding  .     g - ring of protection from cold {rC+, !d}
rMut   .         Stasis   .     w - ring of positive energy {rN+}
MR     +....                    (no ring)
Stlth  +++++++...               (no ring)
                                (no ring)
                                (no ring)
                                (no ring)

@: mighty, lethally poisoned (0 -> -7), flying, very slightly contaminated,
hasted, slow, somewhat resistant to hostile enchantments, extremely stealthy
A: almost no armour, amphibious, 8 rings, constrict 8, camouflage 1, gelatinous
body 1
a: Bend Time, Temporal Distortion, Slouch, Step From Time, Renounce Religion


You were on level 6 of the Dungeon.
You worshipped Cheibriados.
Cheibriados was extremely pleased with you.
You were very hungry.

You visited 2 branches of the dungeon, and saw 7 of its levels.
You also visited: Sewer.

You collected 362 gold pieces.

Inventory:

Hand weapons
 a - the +2 whip "Killer Bee's Death" (weapon) {venom, rC- MR+ Int+7 Dex+4}
   (You found it on level 4 of the Dungeon)

   It poisons the flesh of those it strikes.
   It affects your intelligence (+7).
   It affects your dexterity (+4).
   It makes you vulnerable to cold.
   It affects your resistance to hostile enchantments.
 b - a +1 blowgun
   (You took it off a kobold in a sewer)
Missiles
 s - 32 poisoned needles
Jewellery
 g - a ring of protection from cold (right tentacle) {rC+, !d}
   (You found it on level 1 of the Dungeon)
 l - a +3 ring of protection (left tentacle)
   (You found it on level 1 of the Dungeon)
 t - the cursed amulet "Qahij" {+Rage Dex+5, unknown}
   (You found it on level 5 of the Dungeon)

   [amulet of rage]

   It affects your dexterity (+5).
   It lets you go berserk.
   It has a curse placed upon it.
 w - a ring of positive energy (on tentacle) {rN+}
   (You found it on level 3 of the Dungeon)
Magical devices
 u - a wand of enslavement (4)
   (You found it on level 5 of the Dungeon)
Scrolls
 k - a scroll of identify
 r - 4 scrolls of remove curse
 z - 2 scrolls of magic mapping {!r}
 E - a scroll of enchant armour
Potions
 e - a potion of degeneration {unknown}
 f - a potion of restore abilities {unknown}
 i - a potion of lignification {unknown}
 j - a potion of resistance {unknown}
 m - a potion of cure mutation {unknown}
 n - 2 potions of haste
 x - 2 potions of poison {!q}
Books
 y - Thrunael's Witchcraft, Part One
   (You found it on level 6 of the Dungeon)

   Spells                             Type                      Level
   a - Infusion                       Charms                       1
   b - Sting                          Conjuration/Poison           1
   c - Pain                           Necromancy                   1
   d - Summon Butterflies             Summoning                    1
   e - Summon Small Mammal            Summoning                    1
 A - a book of Callings
Comestibles
 c - 3 bread rations {@e1}
 d - 2 meat rations {@e2}
 h - 3 slices of pizza
 q - 2 beef jerkies


   Skills:
 - Level 2.0 Dodging
 + Level 11.4 Stealth
 - Level 2.0 Spellcasting
 - Level 10.1 Summonings


You had 2 spell levels left.
You knew the following spells:

 Your Spells              Type           Power        Failure   Level  Hunger
a - Summon Small Mammal   Summ           ####         1%          1    None
b - Call Canine Familiar  Summ           ######..     1%          3    ###....
c - Call Imp              Summ           ######..     1%          2    ##.....
d - Summon Ice Beast      Ice/Summ       #####...     8%          4    ####...


Dungeon Overview and Level Annotations

Branches:
Dungeon (6/15)             Temple (1/1) D:4

Altars:
Cheibriados
Dithmenos
Elyvilon
Fedhas
Gozag
Kikubaaqudgha
Makhleb
Okawaru
Ru
Sif Muna
Trog
Vehumet
Xom
Yredelemnul
Zin
The Shining One

Annotations:
D:2 Robin


Innate Abilities, Weirdness & Mutations

You cannot wear most types of armour.
You are amphibious.
You can wear up to eight rings at the same time.
You can use your tentacles to constrict many enemies at once.
Your skin changes colour to match your surroundings (Stealth).
Your rubbery body absorbs attacks (AC +1).


Message History

You offer a prayer to Cheibriados.
Cheibriados is extremely pleased with you.
s - 33 poisoned needles (gained 1)
An electric eel comes into view.
You regained 2 hp, and now have 45/51 hp.
An electric eel is nearby!
An electric eel is nearby!
An electric eel is nearby!
It begins to drip with poison!
a - the +2 whip "Killer Bee's Death" (weapon)
{venom, rC- MR+ Int+7 Dex+4} A chill wind blows around you.
You now have 10/14 mp.
A chill wind blows around you.
You now have 6/14 mp.
Firing (i - inventory): No suitable missiles.
Aim: an electric eel (water, resting)
Okay, then.
Firing (i - inventory): No suitable missiles.
Aim: an electric eel (water, resting)
Okay, then.
The +2 whip "Killer Bee's Death" {venom, rC- MR+ Int+7 Dex+4} stops dripping with poison.
b - a +1 blowgun (weapon)
Aim: an electric eel (water, resting)
You shoot a poisoned needle.
The helpless electric eel fails to defend itself.
The poisoned needle hits the electric eel in a vulnerable spot!
The electric eel is poisoned.
You hear a splash.
The electric eel shoots out a bolt of lightning at you!
The bolt of electricity hits you!
You take 11 damage, and have 35/51 hp.
MASSIVE DAMAGE!!
You swap places.
It begins to drip with poison!
a - the +2 whip "Killer Bee's Death" (weapon)
{venom, rC- MR+ Int+7 Dex+4} What do you say? t - Shout!
Orders for allies: a - Attack new target. p - Attack previous target. r - Retreat! s - Stop attacking. w - Wait here. f - Follow me.
Anything else - Stay silent.
Gang up on whom?
Aim: an electric eel (water, heavily wounded, poisoned) Attack!
The electric eel shoots out a bolt of lightning at you!
The bolt of electricity hits your ice beast.
The bolt of electricity hits you!
You take 5 damage, and have 30/51 hp.
The electric eel shoots out a bolt of lightning at you!
The bolt of electricity hits your ice beast. x2
The bolt of electricity hits you!
You take 14 damage, and have 16/51 hp.
MASSIVE DAMAGE!!
Your ice beast barely misses the electric eel.
The electric eel shoots out a bolt of lightning at you!
The bolt of electricity hits your ice beast. x2
The bolt of electricity hits you!
* * * LOW HITPOINT WARNING * * *
An electric eel comes into view.
You take 3 damage, and have 13/51 hp.
Unknown command.
Your ice beast hits the electric eel.
The electric eel dies!
Cheibriados thoroughly appreciates the change of pace.
Drink which item? (? for menu, Esc to quit)
It was a potion of haste.
You feel yourself speed up.
Cheibriados forgives your accidental hurry, just this once.
Your ice beast hits the electric eel.
Your ice beast freezes the electric eel!
The electric eel seems to slow down.
The electric eel shoots out a bolt of lightning at you!
The bolt of electricity hits your ice beast.
The bolt of electricity misses your ice beast.
The bolt of electricity hits you!
* * * LOW HITPOINT WARNING * * *
You are very lightly contaminated with residual magic.
You take 11 damage, and have 2/51 hp.
MASSIVE DAMAGE!!
Drink which item? (? for menu, Esc to quit)
It was a potion of poison.
That liquid tasted very nasty...
You are lethally poisoned!
* * * LOW HITPOINT WARNING * * *
You feel sick.
Your ice beast misses the electric eel.
You take 1 damage, and have 1/51 hp.
Unknown command.
Unknown command.
Unknown command.
Unknown command.
Drink which item? (? for menu, Esc to quit)
It was a potion of flight.
You feel very buoyant.
You fly up into the air.
Your ice beast hits the electric eel.
Your ice beast freezes the electric eel!
The electric eel seems to slow down.
The electric eel dies!
Drink which item? (? for menu, Esc to quit)
It was a potion of might.
You feel very mighty all of a sudden.
You die...

*≈≈≈≈≈≈≈##)##........#......(#
**≈≈≈≈≈≈≈#..........)#......()
*≈≈≈≈≈≈≈#...........)(..(..)(
*≈≈≈≈≈≈≈#...........#(..(..)(
*≈≈≈≈≈≈##)##........#.(....)#
**≈≈≈≈≈#)).#.....(.###......'
*≈≈≈≈≈#...#......## ##.....#
*≈≈≈≈≈#...##################
**≈≈(≈#####@≈≈≈≈≈≈≈≈≈≈≈≈≈≈≈≈
***#≈≈≈YY≈≈≈≈≈≈≈≈≈≈≈≈≈≈≈≈≈≈
########≈≈≈≈≈≈≈≈≈≈≈≈≈≈≈≈
#################


You could see 2 friendly ice beasts.

Vanquished Creatures
  Grinder (D:3)
  A black bear (D:6)
  A centaur (D:6)
  A giant frog (D:6)
  3 big kobolds
  A vampire bat (D:4)
  A hound (D:4)
  A crimson imp (D:6)
  An orc priest (D:6)
  A giant frog zombie (D:6)
  A centaur zombie (D:5)
  2 orc wizards (D:6)
  2 worker ants (D:6)
  Ijyb (D:2)
  5 gnolls
  8 adders
  A river rat (Sewer)
  A worm (D:3)
  A shadow imp (D:6)
  A fire bat (D:4)
  3 giant geckos
  4 oozes
  2 orcs
  13 bats
  A bat simulacrum (D:4)
  2 bat skeletons (D:4)
  A bat zombie (D:4)
  3 giant cockroaches
  23 goblins
  19 hobgoblins
  15 kobolds
  3 quokkas
  2 ball pythons (Sewer)
  2 giant gecko skeletons
  A giant newt (D:4)
  10 jackals
  14 rats
  A ballistomycete (D:6)
154 creatures vanquished.

Vanquished Creatures (collateral kills)
  Menkaure (D:6)
  An orc warrior (D:6)
  A sky beast (D:6)
  3 ogres (D:4)
  An ice beast (D:6)
  7 big kobolds
  A giant frog (D:6)
  A scorpion (D:4)
  3 electric eels (D:6)
  A giant frog zombie (D:6)
  A hound (D:2)
  A crimson imp (D:5)
  A gnoll shaman (D:6)
  2 centaur zombies (D:6)
  An iguana (D:5)
  A worker ant (D:5)
  7 adders
  3 river rats
  11 gnolls (D:6)
  2 bats
  A giant mite (D:3)
  A worm (D:6)
  2 fire bats (D:4)
  2 giant geckos
  An orc (D:6)
  2 spectral bats (D:4)
  2 bat skeletons
  18 hobgoblins (D:6)
  3 jackals
  A quokka (D:6)
  A ball python (Sewer)
  A giant newt (D:3)
  A giant spore (D:6)
  15 goblins
  A jackal skeleton (D:5)
  4 kobolds
106 creatures vanquished.

Vanquished Creatures (others)
  2 ice beasts (D:6)
  4 wolves
  A crimson imp (D:4)
  A hound (D:3)
  A white imp (D:3)
  A shadow imp (D:3)
  3 quokkas
13 creatures vanquished.

Grand Total: 273 creatures vanquished

Notes
Turn   | Place    | Note
--------------------------------------------------------------
     0 | D:1      | RobertPalmer, the Octopode Summoner, began the quest for the Orb.
     0 | D:1      | Reached XP level 1. HP: 11/11 MP: 3/3
   373 | D:1      | Reached XP level 2. HP: 13/17 MP: 1/4
   930 | D:1      | Learned a level 2 spell: Call Imp
   954 | D:2      | Reached XP level 3. HP: 19/21 MP: 6/6
   977 | D:2      | Reached skill level 5 in Summonings
  1110 | D:2      | Learned a level 3 spell: Call Canine Familiar
  1390 | D:2      | Noticed Robin
  1672 | D:2      | Found a burning altar of Makhleb.
  1678 | D:2      | Reached XP level 4. HP: 19/27 MP: 0/7
  2197 | D:2      | Noticed Ijyb
  2209 | D:2      | Killed Ijyb
  2314 | D:2      | Reached skill level 6 in Summonings
  2443 | D:3      | Reached XP level 5. HP: 27/31 MP: 1/9
  2451 | D:3      | Found a blossoming altar of Fedhas.
  2567 | D:3      | Noticed Grinder
  2914 | D:3      | Found a white marble altar of Elyvilon.
  2921 | D:3      | HP: 6/31 [Grinder/wand of magic darts (8)]
  2933 | D:3      | Killed Grinder
  2933 | D:3      | Reached skill level 7 in Summonings
  2933 | D:3      | Reached XP level 6. HP: 10/36 MP: 1/10
  3149 | D:3      | Found a deep blue altar of Sif Muna.
  3381 | D:4      | Reached skill level 8 in Summonings
  3477 | D:4      | Got a smoking whip
  3478 | D:4      | Identified the +2 whip "Killer Bee's Death" {venom, rC- MR+ Int+7 Dex+4} (You found it on level 4 of the Dungeon)
  3529 | D:4      | Found a glowing silver altar of Zin.
  3612 | D:4      | Reached XP level 7. HP: 29/41 MP: 7/12
  3830 | D:4      | Found a staircase to the Ecumenical Temple.
  3840 | Temple   | Entered the Ecumenical Temple
  3868 | Temple   | Became a worshipper of Cheibriados the Contemplative
  3952 | D:5      | Entered Level 5 of the Dungeon
  4153 | D:5      | Reached skill level 9 in Summonings
  4302 | D:5      | Got a clouded tin amulet
  4423 | D:5      | Learned a level 4 spell: Summon Ice Beast
  4479 | D:5      | Acquired Cheibriados' first power
  4588 | D:6      | Identified Thrunael's Witchcraft, Part One
  4687 | D:6      | Found a shimmering altar of Xom.
  4708 | D:6      | Reached XP level 8. HP: 29/46 MP: 9/13
  4734 | D:6      | Found a glowing drain.
  4738 | Sewer    | Entered a sewer
  5005 | Sewer    | Reached skill level 10 in Summonings
  5230 | Sewer    | Reached skill level 3 in Stealth
  5292 | Sewer    | Reached skill level 4 in Stealth
  5478 | Sewer    | Reached skill level 5 in Stealth
  5582 | Sewer    | Reached skill level 6 in Stealth
  5687 | Sewer    | Reached skill level 7 in Stealth
  5921 | D:6      | Noticed Menkaure
  5932 | D:6      | Killed Menkaure
  5932 | D:6      | Reached skill level 8 in Stealth
  5976 | D:6      | Acquired Cheibriados' second power
  6196 | D:6      | Reached skill level 9 in Stealth
  6196 | D:6      | Reached XP level 9. HP: 22/51 MP: 9/14
  6198 | D:6      | HP: 9/51 [orc warrior/war axe (10)]
  6200 | D:6      | HP: 2/51 [hobgoblin/club (5)]
  6490 | D:6      | Acquired Cheibriados' third power
  6512 | D:6      | Reached skill level 10 in Stealth
  7002 | D:6      | Acquired Cheibriados' fourth power
  7441 | D:6      | Reached skill level 11 in Stealth
  7810 | D:6      | HP: 2/51 [electric eel/bolt of electricity (11)]
  7813 | D:6      | Succumbed to poison (a potion of poison)

Action                   |  1- 3 |  4- 6 |  7- 9 || total
-------------------------+-------+-------+-------++-------
Melee: Unarmed           |    15 |       |       ||    15
       Spear             |    50 |    93 |       ||   143
       Whip              |       |     2 |   161 ||   163
 Fire: Blowgun           |       |       |    61 ||    61
 Cast: Summon Small Mamm |     9 |     2 |     1 ||    12
       Call Imp          |     3 |    15 |    10 ||    28
       Call Canine Famil |     2 |    13 |    22 ||    37
       Summon Ice Beast  |       |       |    16 ||    16
Evoke: Wand              |       |       |     2 ||     2
  Use: Scroll            |     7 |     5 |     8 ||    20
       Potion            |       |     4 |     6 ||    10
 Stab: Sleeping          |     6 |    10 |    35 ||    51
       Distracted        |     1 |     2 |     2 ||     5
  Eat: Chunk             |     3 |     8 |    15 ||    26

Vault maps used:
D:1:      lightli_arrival_windingriver
D:2:      makhleb_heckhound_becter, uniq_iyjb, uniq_robin
D:3:      gammafunk_temple_overflow_statue, kennysheep_nondescript,
          minmay_statues_item, minmay_misc_feat_alley, fedhas_altar_1,
          uniq_grinder
D:4:      zin_treasury, lemuel_temple_firewalk_marked, first_bread,
          goddamned_bats
D:6:      minmay_goblin_kobold_castle, gup_sewer_entry_bowl, xom_teletrap_fun,
          uniq_menkaure
Temple:   circular_temple_12
Sewer:    sewer_co_tree

Table legend:
 A = Turns spent in this place as a percentage of turns spent in the entire game.
 B = Non-inter-level travel turns spent in this place as a percentage of non-inter-level travel turns spent in the entire game.
 C = Inter-level travel turns spent in this place as a percentage of turns spent in this place.
 D = Turns resting spent in this place as a percentage of non-inter-level travel turns spent in this place.
 E = Turns spent auto-exploring this place as a percentage of non-inter-level travel turns spent in this place.
 F = Non-inter-level travel turns spent in this place divided by the number of levels of this place that you've seen.
                   A       B       C       D       E      F
               +-------+-------+-------+-------+-------+----------------------
         Total | 100.0 | 100.0 |   0.3 |   2.6 |   7.9 | 345.9
       Dungeon |  85.1 |  85.1 |   0.3 |   2.6 |   8.1 | 392.3
        Temple |   1.0 |   1.0 |   3.4 |   0.0 |   0.0 |  28.0
         Sewer |  13.9 |  13.9 |   0.0 |   2.6 |   7.3 | 385.0
               +-------+-------+-------+-------+-------+----------------------

Table legend:
 A = Kills in this place as a percentage of kills in entire the game.
 B = Kills by you in this place as a percentage of kills by you in the entire game.
 C = Kills by friends in this place as a percentage of kills by friends in the entire game.
 D = Other kills in this place as a percentage of other kills in the entire game.
 E = Experience gained in this place as a percentage of experience gained in the entire game.
 F = Experience gained in this place divided by the number of levels of this place that you have seen.
                   A       B       C       D       E      F
               +-------+-------+-------+-------+-------+----------------------
         Total | 100.0 | 100.0 | 100.0 |  -nan | 100.0 | 408.5
       Dungeon |  89.1 |  87.6 |  91.4 |  -nan |  80.4 | 437.7
         Sewer |  10.9 |  12.4 |   8.6 |  -nan |  19.6 | 642.0
               +-------+-------+-------+-------+-------+----------------------
